Unix NetHack Version 5.0.0-0 post-release - last build May  4 2026 22:22:43 (774f63e81ad911689b3a0859ea89b322d5daca8d,branch:main).

Game began 2026-05-09 01:32:19, ended 2026-05-09 01:37:50.

Kwijibo4686, neutral female human Valkyrie

                                                       -------------
                                                       ............|
                                                       |...........|
                                                       |..^..`.<...|
                                                       -----------|-
                                                                  #
                                                                 ##
                                                                ##
                                                              ###
 --+--------                                                  #
 |.....$...|                                                  #
 |.....@...|                                                  #
 |.........|                                             -----.-------
 ----+------                                             ............|
                                                         |...........|
                                                         ....%.......|
                                                         -------------

Kwijibo4686 the Skirmisher  St:17 Dx:9 Co:18 In:10 Wi:11 Ch:10  Neutral
Dlvl:4  $:29 HP:0(33) Pw:5(5) AC:6  Xp:3 T:1010 

Latest messages:
 You hear a door open.
 You find a hidden passage.
 You miss the red mold.
 You hit the red mold.
 You are suddenly very hot!
 You kill the red mold!
 Click!  You trigger a rolling boulder trap!
 A boulder misses you.
 With great effort you move the boulder.
 Really step onto that rolling boulder trap? [yn] (n) n
 Really step onto that rolling boulder trap? [yn] (n) y
 You escape a rolling boulder trap.
 Really step onto that rolling boulder trap? [yn] (n) y
 Click!  You trigger a rolling boulder trap!
 No boulder was released.
 You hear a chugging sound.
 You climb up the stairs.
 You find a hidden passage.
 q - a scroll labeled PRIRUTSENIE.
 You hear a gurgling noise.
 You hear someone cursing shoplifters.
 The door opens.
 You hit the gecko.
 The gecko bites!
 You kill the gecko!
 "Velkommen, Kwijibo4686!  Welcome to Gorlowka's liquor emporium!"
 You see here a murky potion (for sale, 267 zorkmids).
 That cloudy potion is a small mimic!
 You hit the small mimic.
 You miss the small mimic.
 You hit the small mimic!
 The small mimic hits!
 You miss the small mimic.
 The small mimic hits!
 You hit the small mimic!
 You miss the small mimic.
 The small mimic hits!
 You hit the small mimic.
 You do not owe Gorlowka anything.
 You hit the small mimic.
 You miss the small mimic.
 You miss the small mimic.
 The small mimic hits!
 You miss the small mimic.
 What do you want to zap? [fg or ?*] f
 In what direction? >
 You dig a hole through the floor.
 You fall through...
 You die...
 Do you want your possessions identified? [ynq] (y) q

Inventory:
 Coins    ('$')
  $ - 29 gold pieces
 Weapons  (')')
  b - a +0 dagger (alternate weapon; not wielded)
  a - a +1 spear (weapon in right hand)
 Armor    ('[')
  c - an uncursed +3 small shield (being worn)
 Comestibles  ('%')
  m - a cursed banana
  d - an uncursed food ration
  i - an uncursed lembas wafer
  j - an uncursed lichen corpse
 Scrolls  ('?')
  q - an uncursed scroll of identify
  k - a blessed scroll of light
  l - an uncursed scroll of light
 Spellbooks  ('+')
  p - a blessed spellbook of drain life
 Potions  ('!')
  e - 2 cursed potions of healing
  o - a cursed potion of object detection
  h - an uncursed potion of restore ability
 Wands    ('/')
  f - a blessed wand of digging (0:2)
  g - a wand of digging (0:6)
 Tools    ('(')
  n - a cursed tallow candle

Kwijibo4686 the Valkyrie's attributes:

Background:
 You were a Skirmisher, a level 3 human Valkyrie.
 You were neutral, on a mission for Odin
 who was opposed by Tyr (lawful) and Loki (chaotic).
 You were right-handed.
 You were in the Dungeons of Doom, on level 4.
 You entered the dungeon 1010 turns ago.
 It was nighttime.
 You had 52 experience points, 28 more were needed to attain level 4.

Basics:
 You had 0 out of 33 hit points.
 You had all 5 energy points (spell power).
 Your armor class was 6.
 Your wallet contained 29 zorkmids.
 Autopickup was on for '$?!/="' plus thrown.

Final Characteristics:
 Your strength was 17 (limit:18/100).
 Your dexterity was 9 (limit:18).
 Your constitution was 18 (limit:18).
 Your intelligence was 10 (limit:18).
 Your wisdom was 11 (limit:18).
 Your charisma was 10 (limit:18).

Final Status:
 You weren't hungry.
 You were unencumbered.
 You were wielding a spear.
 You had basic skill with spear.

Final Attributes:
 You were fervently aligned.
 You were cold resistant.
 You were stealthy.
 You are dead.

Miscellaneous:
 You didn't encounter any bones levels.
 Total elapsed playing time was 5 minutes and 31 seconds.

Major events:
 Turn
    1: Kwijibo4686 the neutral human Valkyrie entered the dungeon
  755: attained the rank of Skirmisher (level 3)
 1010: killed by falling down a mine shaft

You didn't know any spells.

Skills:
 Fighting Skills
   bare handed combat [Unskilled]
   two weapon combat  [Unskilled]
   riding             [Unskilled]
 Weapon Skills
   dagger             [Basic]
   axe                [Unskilled]
   pick-axe           [Unskilled]
   short sword        [Unskilled]
   broadsword         [Unskilled]
   long sword         [Unskilled]
   two-handed sword   [Unskilled]
   saber              [Unskilled]
   hammer             [Unskilled]
   quarterstaff       [Unskilled]
   polearms           [Unskilled]
   spear              [Basic]
   trident            [Unskilled]
   lance              [Unskilled]
   sling              [Unskilled]
 Spellcasting Skills
   attack spells      [Unskilled]
   escape spells      [Unskilled]

Voluntary challenges:
 Character rerolling was not enabled.
 You never genocided any monsters.
 You never polymorphed an object.
 You never changed form.
 You used no wishes.
Achievements:
 You entered a shop.
 You attained the rank of Skirmisher.

 The Dungeons of Doom: levels 1 to 4
    Level 1:
       A fountain.
    Level 2:
       A food shop, a grave.
    Level 3:
       A potion shop, a sink.
    Level 4: <- You were here.
       Final resting place for
          you, killed by falling down a mine shaft.


Vanquished creatures:
  2 coyotes
  a yellow mold
  a red mold
  3 geckos
  3 jackals
  3 foxes
  2 kobolds
  a sewer rat
  a grid bug
  4 lichens
  3 kobold zombies
  3 newts
27 creatures vanquished.

No species were genocided or became extinct.

Game over:
                       ----------
                      /          \
                     /    REST    \
                    /      IN      \
                   /     PEACE      \
                  /                  \
                  |   Kwijibo4686    |
                  |      29 Au       |
                  |    killed by     |
                  |  falling down a  |
                  |    mine shaft    |
                  |                  |
                  |       2026       |
                 *|     *  *  *      | *
        _________)/\\_//(\/(/\)/\//\/|_)_______

Farvel Kwijibo4686 the Valkyrie...

You died in The Dungeons of Doom on dungeon level 4 with 395 points,
and 29 pieces of gold, after 1010 moves.
You were level 3 with a maximum of 33 hit points when you died.

